 Dungeon Crawl Stone Soup version 0.27.1 (webtiles) character file.

Game seed: 13431697767412847084

350 funkygono the Firebug (level 6, -4/32 HPs)
             Began as a Gargoyle Fire Elementalist on Aug 31, 2021.
             Slain by an iguana (11 damage)
             ... on level 4 of the Dungeon.
             The game lasted 00:05:43 (3485 turns).

funkygono the Firebug (Gargoyle Fire Elementalist)  Turns: 3485, Time: 00:05:43

Health: -4/32      AC:  7    Str: 11    XL:     6   Next: 61%
Magic:  9/11       EV: 12    Int: 18    God:
Gold:   98         SH:  0    Dex: 10    Spells: 4/12 levels left

rFire    . . .     SeeInvis .   g - +2 whip (venom)
rCold    . . .     Faith    .   (no shield)
rNeg     + . .     Spirit   .   a - +0 robe
rPois    ∞         Reflect  .   (no helmet)
rElec    +         Harm     .   (no cloak)
rCorr    .         Rampage  .   (no gloves)
Will     .....                  c - +0 pair of boots
Stlth    ++........             (no amulet)
HPRegen  0.10/turn              (no ring)
MPRegen  0.12/turn              (no ring)

@: no status effects
A: sickness immunity, AC +4, negative energy resistance 1, electricity
resistance, torment resistance 1, petrification resistance
a: no special abilities


You were on level 4 of the Dungeon.
You visited 1 branch of the dungeon, and saw 4 of its levels.

You collected 98 gold pieces.

Inventory:

Hand Weapons
 b - a +0 club
 e - a +0 spectral whip
 g - a +2 whip of venom (weapon)
 l - a +0 flail
Missiles
 j - 75 stones
 m - 2 throwing nets
Armour
 a - a +0 robe (worn)
 c - a +0 pair of boots (worn)
Jewellery
 k - an amulet of faith
Scrolls
 d - 2 scrolls of teleportation
Potions
 f - a potion of mutation {unknown}
 h - a potion of degeneration {unknown}
 i - 2 potions of attraction {unknown}
 n - 3 potions of brilliance


   Skills:
 + Level 0.1 Fighting
 + Level 2.1 Dodging
 - Level 2.1 Stealth
 * Level 3.8 Spellcasting
 * Level 3.4 Conjurations
 * Level 4.9 Fire Magic


You had 4 spell levels left.
You knew the following spells:

 Your Spells              Type           Power      Damage    Failure   Level
a - Foxfire               Conj/Fire      72%        2x1d7     2%          1
b - Conjure Flame         Conj/Fire      18%        6-21      9%          3
c - Sticky Flame          Conj/Fire      18%        2d4       26%         4

Your spell library contained the following spells:

 Spells                   Type           Power      Damage    Failure   Level
 Inner Flame              Hex/Fire       12%        N/A       16%         3
 Fireball                 Conj/Fire      9%         3d6       58%         5


Dungeon Overview and Level Annotations

Branches:
Dungeon (4/15)
 Temple: D:4-7

Altars:
Xom


Innate Abilities, Weirdness & Mutations

You are immune to sickness and miasma.
Your stone body is resilient. (AC +4)
You are immune to poison.
You resist negative energy. (rN+)
You are resistant to electric shocks. (rElec)
You are resistant to unholy torment.
You are immune to petrification.


Message History

The foxfire hits the iguana.
The iguana is lightly wounded.
The foxfire hits the iguana.
The iguana is heavily wounded.
Casting: Foxfire (safe; 2% risk of failure)
Confirm with . or Enter, or press ? or * to list all spells.
You conjure some foxfire!
The iguana bites you.
Unknown command.
The foxfire hits the iguana.
The iguana is heavily wounded.
The foxfire hits the iguana.
The iguana is severely wounded.
Casting: Foxfire (safe; 2% risk of failure)
Confirm with . or Enter, or press ? or * to list all spells.
You conjure some foxfire!
The iguana bites you!
* * * LOW HITPOINT WARNING * * *
Unknown command.
The foxfire hits the iguana.
The iguana is severely wounded.
The foxfire hits the iguana but does no damage.
The iguana is severely wounded.
Casting: Foxfire (safe; 2% risk of failure)
Confirm with . or Enter, or press ? or * to list all spells.
You conjure some foxfire!
The kobold hits you but does no damage.
The foxfire hits the kobold.
The kobold is moderately wounded.
The foxfire hits the kobold but does no damage.
The kobold is moderately wounded.
There is an open door here.
The iguana barely misses you.
There is an open door here.
Casting: Foxfire (safe; 2% risk of failure)
Confirm with . or Enter, or press ? or * to list all spells.
You conjure some foxfire!
Casting: Foxfire (safe; 2% risk of failure)
Confirm with . or Enter, or press ? or * to list all spells.
You conjure some foxfire!
The foxfire hits the iguana.
The iguana is almost dead.
The adder barely misses you. The iguana bites you!
You die...

#############+##
#..............#
#..............#
#..............+
#####...§......######
#...v§†..<.......
########..l@v......#####
..........Sv).........
#######.............##..
############...............
...........'K...............
############.................
#.........#####...
#.....##### #.....#


You could see an iguana (ally target), an adder and a kobold.

Vanquished Creatures
  Grinder (D:3)
  A hound (D:2)
  Natasha (D:4)
  3 gnolls (D:2)
  An adder (D:2)
  A worm (D:2)
  2 orcs
  5 bats
  3 endoplasms
  3 giant cockroaches
  8 goblins
  10 hobgoblins
  A quokka (D:1)
  4 ball pythons
  5 frilled lizards
  4 kobolds
  6 rats
59 creatures vanquished.

Vanquished Creatures (others)
  205 foxfires
205 creatures vanquished.

Grand Total: 264 creatures vanquished

Notes
Turn   | Place    | Note
-------+----------+-------------------------------------------
     0 | D:1      | funkygono the Gargoyle Fire Elementalist began the quest
                  | for the Orb.
     0 | D:1      | Reached XP level 1. HP: 10/10 MP: 3/3
   269 | D:1      | Reached XP level 2. HP: 15/15 MP: 1/5
   996 | D:1      | Reached XP level 3. HP: 19/19 MP: 4/6
  1000 | D:1      | Learned a level 3 spell: Conjure Flame
  1204 | D:2      | Found a faded altar of an unknown god.
  1206 | D:2      | Noticed a great orb of eyes
  1206 | D:2      | Noticed a golden eye
  1213 | D:2      | Noticed a shining eye
  1453 | D:2      | Noticed an eye of devastation
  1607 | D:2      | Reached skill level 4 in Fire Magic
  1607 | D:2      | Reached XP level 4. HP: 19/24 MP: 1/8
  1742 | D:2      | Learned a level 4 spell: Sticky Flame
  2420 | D:3      | Reached XP level 5. HP: 28/28 MP: 7/9
  2437 | D:3      | Noticed Grinder
  2437 | D:3      | Paralysed by Grinder for 6 turns
  2453 | D:3      | Paralysed by Grinder for 2 turns
  2456 | D:3      | Killed Grinder
  2457 | D:3      | Reached XP level 6. HP: 23/32 MP: 0/11
  2848 | D:3      | Found a shimmering altar of Xom.
  3368 | D:4      | Noticed Natasha
  3374 | D:4      | Killed Natasha
  3485 | D:4      | Slain by an iguana

Illustrated notes

Levels and vault maps discovered:
D:1:      minmay_arrival_shoal_huts, layout_basic, minmay_close_crescents
D:2:      layout_basic, hellmonk_ecumenical_altar_watching_god, minmay_bisected
D:3:      layout_basic, mainiacjoe_overflow_concentric_impassable,
          kennysheep_another_room, uniq_grinder
D:4:      layout_basic, uniq_crazy_yiuf_cottage, uniq_natasha

Skill      XL: |  1  2  3  4  5 |
---------------+----------------+-----
Fire Magic     | 4 |  4.9
Conjurations   | 2 3 |  3.4
Spellcasting   | 3 |  3.8
Dodging        | 2 |  2.1
Fighting       | |  0.1
Stealth        | |  2.1

Action                   |  1- 3 |  4- 6 || total
-------------------------+-------+-------++-------
Melee: Whip              |     4 |    24 ||    28
 Cast: Foxfire           |    49 |    70 ||   119
  Use: Scroll            |     2 |     2 ||     4
Armor: Robe              |     7 |    10 ||    17
Dodge: Dodged            |    13 |    20 ||    33
